 Dungeon Crawl Stone Soup version 0.30.0-29-ga12c61a403 (webtiles) character file.

Game seed: 1726846598217136648

234 jurchenman the Conjurer (level 5, -1/28 HPs)
             Began as a Deep Elf Conjurer on June 21, 2023.
             Slain by a steam dragon (4 damage)
             ... on level 4 of the Dungeon.
             The game lasted 00:09:10 (3172 turns).

jurchenman the Conjurer (Deep Elf Conjurer)         Turns: 3172, Time: 00:09:13

Health: -1/28      AC:  5    Str:  8    XL:     5   Next: 75%
Magic:  9/14       EV: 33    Int: 25    God:
Gold:   73         SH:  0    Dex: 13    Spells: 8/14 levels left

rFire   . . .        i - +3 whip (freeze)
rCold   . . .        (no shield)
rNeg    . . .        a - +0 robe
rPois   .            (no helmet)
rElec   .            h - +0 cloak
rCorr   .            k - +0 pair of gloves
SInv    .            s - +0 pair of boots
Will    ++...        f - amulet of the acrobat
Stlth   ++           y - ring of the Bull {Contam Will++ EV+5 Str+4}
HPRegen 0.24/turn    (no ring)
MPRegen 0.14/turn

%: acrobat
@: acrobatic
A: no striking features
a: no special abilities


You were on level 4 of the Dungeon.
You visited 1 branch of the dungeon, and saw 4 of its levels.

You collected 73 gold pieces.

Inventory:

Hand Weapons
 g - a +0 spectral dagger
 i - a +3 whip of freezing (weapon)
 n - a +0 dagger of protection
Missiles
 d - a throwing net
Armour
 a - a +0 robe (worn)
 h - a +0 cloak (worn)
 k - a +0 pair of gloves (worn)
 s - a +0 pair of boots (worn)
Magical Staves
 j - a staff of cold
Jewellery
 f - an amulet of the acrobat (around neck)
 y - the ring of the Bull (left hand) {Contam Will++ EV+5 Str+4}
   (You found it on level 3 of the Dungeon)

   [ring of evasion]

   EV:        It affects your evasion (+5).
   Str:       It affects your strength (+4).
   Contam:    It causes magical contamination when unequipped.
   Will:      It greatly increases your willpower.
Scrolls
 t - 2 scrolls of blinking
Potions
 b - a potion of magic
 c - a potion of might {unknown}
 e - a potion of resistance {unknown}
 l - 4 potions of curing
 p - 2 potions of brilliance
 v - a potion of haste {unknown}


   Skills:
 - Level 4.0 Dodging
 - Level 2.4 Stealth
 + Level 5.2 Spellcasting
 + Level 5.8 Conjurations
 + Level 2.1 Hexes


You had 8 spell levels left.
You knew the following spells:

 Your Spells              Type           Power      Damage    Failure   Level
a - Magic Dart            Conj           100%       1d8       1%          1
b - Searing Ray           Conj           70%        2d7       1%          2
c - Dazzling Flash        Conj/Hex       52%        N/A       4%          3

Your spell library contained the following spells:

 Spells                   Type           Power      Damage    Failure   Level
 Mephitic Cloud           Conj/Pois/Air  16%        N/A       11%         3
 Poisonous Vapours        Pois/Air       12%        N/A       12%         2
 Sublimation of Blood     Necr           6%         N/A       12%         2
 Fulminant Prism          Conj/Hex       13%        3d8       16%         4
 Iskenderun's Mystic Bla  Conj/Tloc      21%        2d6       24%         4
 Irradiate                Conj/Tmut      10%        3d15      56%         5
 Petrify                  Tmut/Erth      6%         N/A       63%         4
 Freezing Cloud           Conj/Ice/Air   8%         6-21      69%         5


Dungeon Overview and Level Annotations

Branches:
Dungeon (4/15)
 Temple: D:4-7

Altars:
Dithmenos
Xom


Message History

Your Hexes skill gained 2 levels and is now at level 2!
You start resting.
Magic restored.
Things that are here:
a +0 giant club; an ogre corpse
Casting: Searing Ray (safe; 1% risk of failure)
Confirm with . or Enter, or press ? or * to list all spells.
Aiming: Magic Dart (safe; 1% risk of failure)
Press: ? - help, Shift-Dir - straight line, f - steam dragon
Aim: a steam dragon (wandering, hasn't noticed you, 100% to hit)
The magic dart hits the steam dragon.
The steam dragon is moderately wounded.
The steam dragon hisses angrily.
You start resting.
A steam dragon is nearby!
Press: ? - help, v - describe, . - travel The floor.
Unknown command.
Casting: Magic Dart (safe; 1% risk of failure)
Confirm with . or Enter, or press ? or * to list all spells.
Aiming: Searing Ray (safe; 1% risk of failure)
Press: ? - help, Shift-Dir - straight line, f/p - steam dragon
Aim: a steam dragon (lightly wounded, 81% to hit)
The searing ray hits the steam dragon.
The steam dragon is moderately wounded. (Press . to maintain the ray.)
The searing ray hits the steam dragon!
The steam dragon is severely wounded.
The steam dragon breathes steam at you. The ball of steam hits you!
The searing ray hits the steam dragon.
The steam dragon is almost dead.
You are engulfed in a cloud of scalding steam.
The searing ray hits the steam dragon.
The steam dragon is almost dead.
You finish channelling your searing ray.
You are engulfed in a cloud of scalding steam.
* * * LOW HITPOINT WARNING * * *
The steam dragon completely misses you. The steam dragon claws you.
You die...

.......##..##
###.### #.)# .#
#.# #..# .# . #.#
##.)# #.# ..
#.####..)###.#
...
#...)........##..
######.#.###....
.8 #.#.###.##. .
#.#@D...## .#
#.####...##.#
#.###.......#
..##.......#####
###............#
..D.....<......#
###.......?.....
##.....<.#####
##.....##


You could see a steam dragon.

Vanquished Creatures
  An ogre (D:4)
  7 gnolls
  3 adders (D:2)
  A worm (D:2)
  A dart slug (D:3)
  An orc (D:3)
  9 bats
  3 endoplasms
  7 goblins
  3 hobgoblins
  3 kobolds
  5 ball pythons
  3 frilled lizards
  6 rats
53 creatures vanquished.

Notes
Turn   | Place    | Note
-------+----------+-------------------------------------------
     0 | D:1      | jurchenman the Deep Elf Conjurer began the quest for the
                  | Orb.
     0 | D:1      | Reached XP level 1. HP: 10/10 MP: 6/6
   176 | D:1      | Found a faded altar of an unknown god.
   309 | D:1      | Reached XP level 2. HP: 15/15 MP: 5/8
   338 | D:1      | Learned a level 2 spell: Searing Ray
   966 | D:2      | Reached XP level 3. HP: 19/19 MP: 7/10
  1664 | D:2      | Reached skill level 5 in Conjurations
  2023 | D:3      | Found a shimmering altar of Xom.
  2025 | D:3      | Found a shimmering altar of Xom.
  2047 | D:3      | Found a shimmering altar of Xom.
  2054 | D:3      | Reached XP level 4. HP: 24/24 MP: 7/12
  2095 | D:3      | Learned a level 3 spell: Dazzling Flash
  2201 | D:3      | Found a shimmering altar of Xom.
  2202 | D:3      | Found a shimmering altar of Xom.
  2202 | D:3      | Found a shimmering altar of Xom.
  2204 | D:3      | Found a shimmering altar of Xom.
  2672 | D:3      | Identified the ring of the Bull {Contam Will++ EV+5 Str+4}
  2695 | D:3      | Found a shadowy altar of Dithmenos.
  2908 | D:4      | Noticed an ogre
  2938 | D:4      | Identified the amulet "Dickoqid" {Spirit rC- rN+ Stlth+}
  2961 | D:4      | Reached XP level 5. HP: 28/28 MP: 2/14
  3038 | D:4      | Noticed a steam dragon
  3116 | D:4      | Killed an ogre
  3117 | D:4      | Reached skill level 5 in Spellcasting
  3172 | D:4      | Slain by a steam dragon

Illustrated notes

Levels and vault maps discovered:
D:1:      matt_arrival_los_fun, layout_loops_ring,
          hellmonk_ecumenical_altar_crossroads
D:2:      layout_loops_corners
D:3:      layout_basic, marbit_many_paths, nicolae_xom_altar_mimics
D:4:      layout_loops_ring, eat_drink_and_be_merry_uskayaw, serial_shops,
          nicolae_shop_trees

Skill      XL: |  1  2  3  4  5 |
---------------+----------------+-----
Dodging        | 3 4 |  4.0
Spellcasting   | 4 5 |  5.2
Conjurations   | 5 |  5.8
Hexes          | 2 |  2.1
Stealth        | |  2.4

Action                     |  1- 3 |  4- 6 || total
---------------------------+-------+-------++-------
  Melee: Whip              |     9 |     3 ||    12
   Cast: Magic Dart        |    49 |    40 ||    89
         Searing Ray       |     1 |     3 ||     4
    Use: Scroll            |     6 |     8 ||    14
   Stab: Sleeping          |     3 |     1 ||     4
 Armour: Robe              |     2 |       ||     2
  Dodge: Dodged            |     8 |     3 ||    11
